 Dungeon Crawl Stone Soup version 0.30-a0-840-ga523dec638 (webtiles) character file.

Game seed: 4782972530130613008

669 xian the Chopper (level 7, -1/64 HPs)
             Began as a Naga Fighter on Mar 2, 2023.
             Slain by a hornet (5 damage)
             ... on level 5 of the Dungeon.
             The game lasted 00:09:27 (4087 turns).

xian the Chopper (Naga Fighter)                     Turns: 4087, Time: 00:09:28

Health: -1/64      AC:  7    Str: 20    XL:     7   Next: 58%
Magic:  7/7        EV:  5    Int:  8    God:
Gold:   316        SH:  4    Dex: 11    Spells: 6/6 levels left

rFire   . . .      SeeInvis +    a - +0 war axe
rCold   . . .      Faith    .    c - +0 buckler
rNeg    . . .      Spirit   .    u - +0 chain mail
rPois   +          Reflect  .    (no helmet)
rElec   .          Harm     .    (no cloak)
rCorr   .          Rampage  .    (no gloves)
Will    .....                    (no barding) Stlth
                                 (no amulet)
HPRegen 0.30/turn                o - ring of flight
MPRegen 0.10/turn                (no ring)

@: lethally poisoned (-1 -> -5), attractive, flying, very slow
A: AC +2, large, see invisible, deformed body, poison resistance, slowness 2,
spit poison 1, naga tail 1
a: Spit Poison


You were on level 5 of the Dungeon.
You visited 1 branch of the dungeon, and saw 5 of its levels.

You collected 345 gold pieces.
You spent 29 gold pieces at shops.

Inventory:

Hand Weapons
 a - a +0 war axe (weapon)
Missiles
 l - 33 stones
 r - 3 boomerangs
 w - 6 poisoned darts
 x - 5 atropa-tipped darts
 A - a curare-tipped dart
Armour
 c - a +0 buckler (worn)
 u - a +0 chain mail (worn)
Jewellery
 o - a ring of flight (left hand)
Wands
 t - a wand of charming (14)
Scrolls
 b - 2 scrolls of immolation {unknown}
 f - a scroll of amnesia {unknown}
 g - 4 scrolls of teleportation {unknown}
 h - a scroll of silence {unknown}
 i - a scroll of brand weapon {unknown}
 k - a scroll of enchant armour {unknown}
 m - a scroll of vulnerability {unknown}
 p - 6 scrolls of identify {unknown}
 s - a scroll of enchant weapon {unknown}
 y - 2 scrolls of fear {unknown}
Potions
 d - 2 potions of might
 e - 6 potions of magic
 j - a potion of haste {unknown}
 n - a potion of curing {unknown}
 q - a potion of attraction
 v - a potion of lignification {unknown}
 z - a potion of degeneration {unknown}


   Skills:
 + Level 4.0 Fighting
 + Level 5.3 Axes
 + Level 4.2 Armour
 + Level 1.5 Dodging
 + Level 2.1 Stealth
 + Level 3.4 Shields


You had 6 spell levels left.
You didn't know any spells.
Your spell library contained the following spells:

 Spells                   Type           Power      Damage    Failure   Level
 Static Discharge         Conj/Air       0%         2-2/arc   100%        2
 Sublimation of Blood     Necr           0%         N/A       100%        2
 Vhi's Electric Charge    Tloc/Air       0%         N/A       100%        3
 Petrify                  Tmut/Erth      0%         N/A       100%        4
 Arcjolt                  Conj/Air       0%         1d10      100%        5
 Irradiate                Conj/Tmut      0%         3d11      100%        5
 Lightning Bolt           Conj/Air       0%         1d11      100%        5


Dungeon Overview and Level Annotations

Branches:
Dungeon (5/15)
 Temple: D:4-7

Altars:

Shops:
D:2 *


Innate Abilities, Weirdness & Mutations

Your serpentine skin is tough. (AC +2)
You have supernaturally acute eyesight. (SInv)
Armour fits poorly on your strangely shaped body.
Your system is resistant to poisons. (rPois)
You cover ground very slowly.
You can spit poison.
You have a snake-like lower body.


Message History

You block the hound's attack. The hornet stings you!
You feel as though you will be slow longer.
You closely miss the hornet.
The hornet is lightly wounded.
You slash the hound! The hound bites you. The hornet stings you.
You feel as though you will be slow longer.
The hound bites you.
The hornet stings you but does no damage.
The hound closely misses you.
You miss the hornet.
The hornet is moderately wounded.
You closely miss the hound.
The hornet stings you but does no damage.
The hound bites you. The hornet barely misses you. The hound bites you.
You block the hornet's attack. The hound barely misses you.
You hit the hornet.
The hornet is heavily wounded.
You closely miss the hound.
The hornet looks more healthy.
The hornet stings you!
* * * LOW HITPOINT WARNING * * *
You are poisoned.
The hound bites you but does no damage.
The hornet stings you but does no damage.
You block the hound's attack. The hornet stings you.
* * * LOW HITPOINT WARNING * * *
The hound bites you.
* * * LOW HITPOINT WARNING * * *
Unknown command.
It was a potion of magic.
Magic courses through your body.
You feel yourself speed up.
* * * LOW HITPOINT WARNING * * *
You feel very sick. The hornet barely misses you.
The hound bites you but does no damage. You block the hornet's attack.
You block the hound's attack. The hornet closely misses you.
It was a potion of attraction.
You feel attractive to monsters.
* * * LOW HITPOINT WARNING * * *
You feel sick. The hound bites you but does no damage. The hornet stings you.
You die...

####.##.##.#.##. #.# ##
...#.##......##.# ##.## ##.
........##.####.###...#########.#
...##.#.#.## #.#................
#.####...## #.#.#...########...
.....##.## #.#.##.### #.##
.....##.#######.#....... ...#
.....##.........#h#...## ##..#
.......#######..@y...... #..#
.....#.#######.##.#...## #.[#
.....#.#.....).##.##.## #..#
.....#....###### .. #.####..#..#
.## ..# ##....# .# ### ##.#.# .#
#<#.# .# #.#.#


You could see a hornet and a hound.

Vanquished Creatures
  An ogre (D:5)
  A kobold brigand (D:4)
  3 scorpions
  2 hounds
  2 iguanas (D:4)
  Ijyb (D:3)
  A gnoll (D:1)
  7 adders
  3 white imps
  A worm (D:2)
  A dart slug (D:3)
  11 orcs
  5 bats
  4 endoplasms
  3 giant cockroaches
  8 goblins
  12 hobgoblins
  4 jackals (D:4)
  5 quokkas
  8 ball pythons
  A frilled lizard (D:3)
  10 kobolds
  3 rats
97 creatures vanquished.

Vanquished Creatures (others)
  A ball python (D:4)
1 creature vanquished.

Grand Total: 98 creatures vanquished

Notes
Turn   | Place    | Note
-------+----------+-------------------------------------------
     0 | D:1      | xian the Naga Fighter began the quest for the Orb.
     0 | D:1      | Reached XP level 1. HP: 21/21 MP: 1/1
   227 | D:1      | Reached XP level 2. HP: 28/28 MP: 2/2
   406 | D:1      | Found a faded altar of an unknown god.
   498 | D:1      | Reached XP level 3. HP: 34/34 MP: 3/3
   872 | D:2      | Found Fukopom's Assorted Antiques.
   880 | D:2      | Bought a scroll labelled BEMOXK FEPRU for 29 gold pieces
  1030 | D:2      | Reached XP level 4. HP: 42/42 MP: 4/4
  1653 | D:3      | Reached skill level 3 in Axes
  2154 | D:4      | Noticed Ijyb
  2158 | D:4      | Noticed a scorpion
  2172 | D:3      | Killed a scorpion
  2173 | D:3      | Reached XP level 5. HP: 9/49 MP: 5/5
  2174 | D:3      | Killed Ijyb
  2373 | D:4      | Reached skill level 1 in Dodging
  2417 | D:4      | Reached XP level 6. HP: 7/56 MP: 6/6
  2676 | D:4      | Reached skill level 4 in Axes
  2774 | D:4      | You are sucked into a shaft and drop 1 floor!
  2774 | D:5      | Entered Level 5 of the Dungeon
  3588 | D:4      | Reached XP level 7. HP: 48/63 MP: 7/7
  3891 | D:5      | Reached skill level 5 in Axes
  4079 | D:5      | Noticed a hornet
  4087 | D:5      | Slain by a hornet

Illustrated notes

Levels and vault maps discovered:
D:1:      dpeg_arrival_boxes_within_box, layout_rooms,
          shapermc_ecumenical_altar_starsandcircs, minmay_misc_feat_more_columns
D:2:      layout_loops_corners, serial_shops, shop, grunt_ministairs_14
D:3:      layout_rooms
D:4:      layout_loops_ring, grunt_ministairs_1, nrook_loot_triangle,
          minmay_divided_ellipse, uniq_ijyb
D:5:      layout_loops_ring, minmay_temple_entry_hall, serial_shops,
          kennysheep_mini_moat, uniq_duvessa

Skill      XL: |  1  2  3  4  5  6  7 |
---------------+----------------------+-----
Shields        | 3 |  3.4
Armour         | 3 4 |  4.2
Axes           | 3 4 5 |  5.3
Dodging        | 1 |  1.5
Stealth        | 2 |  2.1
Fighting       | 4 |  4.0

Action                     |  1- 3 |  4- 6 |  7- 9 || total
---------------------------+-------+-------+-------++-------
  Melee: War axe           |    60 |   169 |    40 ||   269
Ability: Spit Poison       |    12 |     4 |     1 ||    17
    Use: Potion            |       |     1 |     2 ||     3
 Armour: Scale mail        |    23 |    27 |       ||    50
         Chain mail        |       |    52 |    24 ||    76
  Dodge: Dodged            |    28 |    58 |    10 ||    96
  Block: Buckler           |    11 |    50 |    11 ||    72

Table legend: (Time is in decaauts)
 A = Elapsed time spent in this place.
 B = Non-inter-level travel time spent in this place.
 C = Inter-level travel time spent in this place.
 D = Time resting spent in this place.
 E = Time spent auto-exploring this place.
 F = Levels seen in this place.
 G = Mean time per level.
                   A        B        C        D        E       F      G
               +--------+--------+--------+--------+--------+-----+--------+
         Total |   5318 |   5199 |    119 |    120 |   2985 |   5 | 1063.6 |
       Dungeon |   5318 |   5199 |    119 |    120 |   2985 |   5 | 1063.6 |
               +--------+--------+--------+--------+--------+-----+--------+

Top non-repeatable levels by time:
     D:4: 1803 daAuts
     D:2: 1352 daAuts
     D:3: 921 daAuts
     D:1: 782 daAuts
     D:5: 458 daAuts
